AoeStats
← 養成計畫

Arena

509935488Analyzed
2v2 RM · 3d ago on Sep 28, 2026· 59m 44s· 4 players
Game mode
Random Map
Map size
Medium (4 player)
Population
200
Speed
Normal
Resources
Standard
Victory
Conquest
Starting age
Dark Age
Ending age
Imperial Age
RankedLock teamsTeams togetherTeam positionsShared explorationLock speedFull tech treeHidden civsTurbo modeCheats
Victory
Defeat
🇩🇪 Romans · Germany
1139
+13
🇩🇪 Bohemians · Germany
1139
+13
🇦🇷 Bulgarians · Argentina
1064
-13
🇦🇷 Poles · Argentina
1064
-13
養成計畫
12:01 Feudal Age
15:52 Castle Age
13:51 Double-Bit Axe
13:59 Horse Collar
14:57 Scale Mail Armor
15:29 Loom
21:00 Forging
28:17 Heavy Plow
36:36 Squires
38:01 Stone Mining
38:01 Gold Mining
41:22 Wheelbarrow
40:34 Town Watch
41:10 Gambesons
41:48 Arson
43:18 Gold Shaft Mining
43:21 Stone Shaft Mining
43:07 Hand Cart
46:25 Imperial Age
47:24 Bagains
47:45 Conscription
49:24 Chain Mail Armor
49:45 Iron Casting
Lannister
10:15 Feudal Age
14:59 Castle Age
14:24 Double-Bit Axe
20:10 Bow Saw
19:44 Horse Collar
21:45 Wheelbarrow
20:59 Loom
23:47 Scale Mail Armor
23:58 Forging
24:01 Heavy Plow
26:26 Chain Mail Armor
26:47 Iron Casting
28:53 Imperial Age
27:11 Hand Cart
29:02 Iron Casting
28:42 Chain Mail Armor
28:25 Gold Mining
28:28 Stone Mining
29:10 Scale Barding Armor
30:11 Stone Shaft Mining
30:43 Blast Furnace
30:13 Plate Mail Armor
30:07 Conscription
29:48 Elite Obuch
31:16 Chain Barding Armor
32:11 Lechitic Legacy
31:17 Light Cavalry
31:58 Husbandry
32:49 Crop Rotation
32:57 Bloodlines
33:32 Hoardings
33:49 Winged Hussar
36:53 Fletching
37:06 Padded Archer Armor
38:11 Coinage
45:02 Capped Ram
50:41 Siege Ram
chris3er
10:20 Feudal Age
9:32 Loom
14:42 Castle Age
14:22 Double-Bit Axe
27:15 Horse Collar
28:21 Wheelbarrow
28:21 Heavy Plow
31:21 Fletching
32:34 Bodkin Arrow
34:26 Masonry
34:12 Murder Holes
37:56 Imperial Age
35:30 Squires
35:16 Pikeman
37:10 Scale Mail Armor
37:20 Forging
37:34 Ballistics
39:39 Chemistry
38:53 Bow Saw
39:28 Architecture
38:53 Halberdier
40:59 Chain Mail Armor
41:43 Siege Engineers
43:09 Elite Hussite Wagon
45:47 Hand Cart
46:04 Wagenburg Tactics
46:31 Conscription
46:26 Fortified Wall
47:44 Plate Mail Armor
47:50 Iron Casting
47:17 Bracer
47:29 Town Watch
47:30 Light Cavalry
48:12 Husbandry
47:47 Houfnice
51:45 Padded Archer Armor
51:51 Scale Barding Armor
52:47 Blast Furnace
54:20 Sappers
55:16 Chain Barding Armor
K4rstein
11:21 Feudal Age
9:36 Loom
13:19 Double-Bit Axe
15:50 Castle Age
14:20 Horse Collar
22:33 Town Watch
23:30 Heavy Plow
27:17 Bow Saw
27:03 Stone Mining
28:15 Gold Mining
29:39 Wheelbarrow
33:24 Imperial Age
32:08 Forging
32:56 Hand Cart
32:45 Scale Mail Armor
33:02 Squires
32:24 Pikeman
33:49 Iron Casting
34:24 Gold Shaft Mining
33:15 Man-at-Arms
34:21 Ballistics
34:30 Conscription
36:08 Blast Furnace
34:31 Halberdier
34:33 Long Swordsman
36:10 Crop Rotation
36:31 Chain Mail Armor
36:34 Ballistas
37:05 Fortified Wall
37:12 Fletching
38:42 Bodkin Arrow
39:23 Legionary
42:04 Padded Archer Armor
43:42 Comitatenses
45:56 Murder Holes
46:12 Masonry
45:55 Heavy Scorpion
60:23 Caravan
Connection lost

Rejoining the realm…

Still unreachable

The connection could not be restored.

Session expired

The server has moved on; the page needs a fresh start.